 Dungeon Crawl Stone Soup version 0.19.5 (webtiles) character file.

116 McKennaii the Shooter (level 4, -3/30 HPs)
             Began as a High Elf Hunter on May 2, 2017.
             Killed from afar by Natasha (6 damage)
             ... with a magic dart
             ... on level 2 of the Dungeon.
             The game lasted 00:03:01 (1964 turns).

McKennaii the Shooter (High Elf Hunter)             Turns: 1964, Time: 00:03:02

Health: -3/30      AC:  5    Str: 11    XL:     4   Next: 69%
Magic:  5/5        EV: 13    Int: 14    God:
Gold:   121        SH:  4    Dex: 17    Spells: 0 memorised, 3 levels left

rFire  . . .     SeeInvis .     b - +0 short sword
rCold  . . .     Gourm    .     c - +0 leather armour
rNeg   . . .     Faith    .     (no shield)
rPois  .         Spirit   .     l - +1 hat
rElec  .         Reflect  +     (no cloak)
rCorr  .         Harm     .     (no gloves)
MR     .....                    g - +0 pair of boots
Stlth  ++........               n - +4 amulet of reflection
                                (no ring)
                                (no ring)

@: slowed, very slow
A: no striking features
a: no special abilities


You were on level 2 of the Dungeon.
You were hungry.

You visited 1 branch of the dungeon, and saw 2 of its levels.

You collected 121 gold pieces.

Inventory:

Hand Weapons
 a - a +1 shortbow
 b - a +0 short sword (weapon)
Missiles
 d - 34 arrows
Armour
 c - a +0 leather armour (worn)
 g - a +0 pair of boots (worn)
 l - a +1 hat (worn)
Jewellery
 n - a +4 amulet of reflection (around neck)
Scrolls
 e - a scroll of enchant weapon {unknown}
 j - 3 scrolls of remove curse {unknown}
 p - 2 scrolls of identify {unknown}
 r - a scroll of immolation {unknown}
Potions
 h - a potion of heal wounds {unknown}
 o - a potion of curing {unknown}
Comestibles
 f - 2 bread rations
 i - 5 meat rations
 k - a royal jelly
 m - a slice of pizza
 q - a beef jerky
 s - a chunk of flesh


   Skills:
 + Level 2.8 Fighting
 + Level 2.2 Short Blades
 + Level 6.1 Bows
 + Level 1.0 Armour
 + Level 2.7 Dodging
 + Level 1.8 Stealth


You had 3 spell levels left.
You didn't know any spells.

Dungeon Overview and Level Annotations

Branches:
Dungeon (2/15)

Altars:

Annotations:
D:2 Natasha


Message History

Natasha closely misses you. Natasha claws you.
* * * LOW HITPOINT WARNING * * *
You closely miss Natasha.
Natasha is heavily wounded.
Natasha claws you but does no damage.
You hit Natasha.
Natasha is almost dead.
You are feeling hungry.
Natasha wildly gestures.
You feel disoriented. Natasha misses you. Natasha claws you.
* * * LOW HITPOINT WARNING * * *
You hit Natasha but do no damage.
Natasha is almost dead.
You block Natasha's attack.
You barely miss Natasha.
Natasha is almost dead.
Natasha stares at you and mumbles some strange words.
The magic dart hits you!
You die...

#.# #.#
##............ #.#
#.###...#####.####
#.##.##...## #.##
###.#.#...## #..#
#.##.)....# ##.#
#.##.....# #.#
#.#..#..# #.#
#.)##..# ##.#
#.@##..#######..###
##h...)...........#
#.....#####.##.#.#
#.#....###.###.#.#
#..........>##.#)#
#####.#..##.##.#.#
#.....#.##.#.#
#).((...##.#.#
##......)......


You could see Natasha.

Vanquished Creatures
  Ijyb (D:2)
  Natasha (twice) (D:2)
  A worm (D:2)
  A dart slug (D:1)
  A leopard gecko (D:1)
  9 bats
  A giant cockroach (D:1)
  7 goblins
  2 hobgoblins (D:1)
  4 kobolds
  3 frilled lizards
  5 rats
37 creatures vanquished.

Notes
Turn   | Place    | Note
-------+----------+-------------------------------------------
     0 | D:1      | McKennaii the High Elf Hunter began the quest for the Orb.
     0 | D:1      | Reached XP level 1. HP: 14/14 MP: 2/2
   451 | D:1      | Reached XP level 2. HP: 19/19 MP: 3/3
  1261 | D:2      | Reached XP level 3. HP: 25/25 MP: 4/4
  1267 | D:2      | Reached skill level 1 in Short Blades
  1441 | D:2      | Noticed Ijyb
  1445 | D:2      | Noticed Natasha
  1488 | D:2      | Killed Ijyb
  1488 | D:2      | Reached skill level 6 in Bows
  1493 | D:2      | Killed Natasha
  1493 | D:2      | Reached XP level 4. HP: 12/30 MP: 5/5
  1730 | D:2      | Reached skill level 1 in Armour
  1928 | D:2      | Noticed Natasha
  1936 | D:2      | Killed Natasha
  1949 | D:2      | Noticed Natasha
  1964 | D:2      | Killed from afar by Natasha

Skill      XL: |  1  2  3  4 |
---------------+-------------+-----
Short Blades   | 2 |  2.2
Bows           | 6 |  6.1
Armour         | 1 |  1.0
Fighting       | |  2.8
Dodging        | |  2.7
Stealth        | |  1.8

Action                   |  1- 3 |  4- 6 || total
-------------------------+-------+-------++-------
Melee: Short sword       |   134 |    27 ||   161
 Fire: Shortbow          |    21 |       ||    21
 Stab: Sleeping          |     4 |       ||     4
  Eat: Chunk             |     2 |     1 ||     3
Armor: Leather armour    |    83 |     3 ||    86
Dodge: Dodged            |   146 |    16 ||   162
Block: Other             |       |     3 ||     3
